 Dungeon Crawl Stone Soup version 0.26-a0-639-g72c4674329 (webtiles) character file.

Game seed: 6900422057380359751

2132 Borgoz the Cutter (level 9, -8/56 HPs)
             Began as a Kobold Delver on Sept 17, 2020.
             Killed from afar by an electric eel (10 damage)
             ... with a bolt of electricity
             ... on level 7 of the Dungeon.
             The game lasted 00:14:20 (9492 turns).

Borgoz the Cutter (Kobold Delver)                   Turns: 9492, Time: 00:14:20

Health: -8/56      AC: -14   Str: 13    XL:     9   Next: 55%
Magic:  9/9        EV: 20    Int: 11    God:
Gold:   365        SH:  7    Dex: 22    Spells: 8/8 levels left

rFire    . . .     SeeInvis .   b - +2 short sword (freeze)
rCold    . . .     Faith    .   p - +0 buckler
rNeg     . . .     Spirit   .   E - +0 leather armour {rPois}
rPois    +         Reflect  .   k - +0 helmet
rElec    .         Harm     .   (no cloak)
rCorr    .         Rampage  .   (no gloves)
MR       .....                  C - +0 pair of boots
Stlth    +++.......             (no amulet)
HPRegen  0.18/turn              i - +6 ring of dexterity
MPRegen  0.11/turn              (no ring)

@: corroded, berserk cooldown, very slow
A: small, nightstalker 3
a: no special abilities


You were on level 7 of the Dungeon.
You visited 2 branches of the dungeon, and saw 8 of its levels.

You collected 365 gold pieces.

Inventory:

Hand Weapons
 a - a +0 dagger of venom
 b - a +2 short sword of freezing (weapon)
Armour
 j - a +0 ring mail of positive energy
 k - a +0 helmet (worn)
 p - a +0 buckler (worn)
 A - the +3 leather armour of Complete Protection {Int+5}
   (You took it off an orc on level 6 of the Dungeon)

   It affects your intelligence (+5).
 C - a +0 pair of boots (worn)
 E - a +0 leather armour of poison resistance (worn)
Jewellery
 i - a +6 ring of dexterity (left hand)
Wands
 g - a wand of digging (3)
 n - a wand of iceblast (14)
 w - a wand of random effects (22)
 B - a wand of paralysis (5)
Scrolls
 c - a scroll of fog
 d - 4 scrolls of magic mapping
 e - a scroll of summoning {unknown}
 h - 7 scrolls of remove curse
 m - 6 scrolls of blinking {unknown}
 o - 6 scrolls of teleportation
 q - a scroll of enchant armour
 t - 3 scrolls of amnesia
 y - a scroll of fear
Potions
 f - 4 potions of lignification
 l - a potion of cancellation
 r - 2 potions of heal wounds
 s - a potion of flight
 u - 2 potions of might {unknown}
 v - a potion of invisibility {unknown}
 z - a potion of magic
 D - 2 potions of stabbing {unknown}


   Skills:
 + Level 6.9 Fighting
 + Level 7.7 Short Blades
 + Level 4.3 Armour
 + Level 7.0 Dodging
 - Level 6.6 Stealth
 + Level 3.6 Shields


You had 8 spell levels left.
You didn't know any spells.
Your spell library was empty.

Dungeon Overview and Level Annotations

Branches:
Dungeon (7/15)             Temple (1/1) D:4

Altars:
Ashenzari
Cheibriados
Elyvilon
Fedhas
Hepliaklqana
Kikubaaqudgha
Makhleb
Nemelex Xobeh
Qazlal
Ru
Sif Muna
Trog
Uskayaw
Vehumet
Wu Jian
Xom
Yredelemnul
Zin
The Shining One

Shops:
D:4 (

Annotations:
D:3 Flugslaktarn's ghost, weakling MiFi


Innate Abilities, Weirdness & Mutations

You are small and have problems with some larger weapons.
You are completely attuned to the shadows.


Message History

You block the rust devil's attack. The rust devil hits you!
* * * LOW HITPOINT WARNING * * *
The rust devil corrodes you! The rust devil barely misses you.
The rust devil closely misses you.
As you read the scroll labeled CEXEOW FOMIOSYK, it crumbles to dust.
You feel strangely unstable.
It was a scroll of teleportation.
You feel yourself speed up. The rust devil hits you!
* * * LOW HITPOINT WARNING * * *
The rust devil corrodes you!
Your surroundings suddenly seem different.
Splash!
You fall into the shallow water.
Moving in this stuff is going to be slow.
The electric eel shoots out a bolt of lightning at you!
The bolt of electricity hits the plant!
The plant begins to die.
The bolt of electricity hits you!
You die...

###.## #.###### #.#
#...[..# #.# ##≈≈P#.#
#.# #PP≈≈#.# # #.#
#.P≈≈≈#.## # #.#
#..≈♣≈...### # #.#
..P≈P≈.....# ###.#
##.P≈♣≈....#.# ....#
#@.P≈♣P≈#.##.# #####
♣≈P.≈PP♣≈PP..##.# ..#
#. #PP♣PPPP;≈≈≈P..##.#
#.#
#.##P≈≈♣♣P♣≈♣≈P...##.#
#.#
#....P≈≈≈♣≈≈≈P≈###)..#
#.# #.###.≈≈≈♣≈♣PP##
#.### #.#
#.....≈≈♣≈≈≈PP# #.#
#.######..###≈P≈≈≈P≈P
#.# ..........#
#..P≈P.P#####.#


You could see an electric eel.

Vanquished Creatures
  Sigmund (D:4)
  A black bear (D:6)
  3 orc warriors
  An ice beast (D:5)
  A phantom (D:4)
  3 ogres
  3 scorpions (D:4)
  4 wights (D:7)
  2 hounds
  2 jellies (D:6)
  A quasit (D:3)
  2 orc priests
  A bullfrog skeleton (D:6)
  4 orc wizards
  A centaur skeleton (D:5)
  3 iguanas
  6 worker ants
  9 adders
  2 shadow imps
  3 white imps
  An ufetubus (D:7)
  An ooze (D:5)
  An adder skeleton (D:4)
  2 worms
  4 dart slugs
  3 leopard geckos
  27 orcs
  4 ball pythons
  10 bats
  7 giant cockroaches
  6 goblins
  6 hobgoblins
  6 jackals
  2 quokkas
  4 frilled lizards
  11 kobolds
  A leopard gecko skeleton (D:4)
  A quokka skeleton (D:6)
  9 rats
159 creatures vanquished.

Vanquished Creatures (others)
  6 plants
6 creatures vanquished.

Grand Total: 165 creatures vanquished

Notes
Turn   | Place    | Note
-------+----------+-------------------------------------------
     0 | D:5      | Borgoz the Kobold Delver began the quest for the Orb.
     0 | D:5      | Reached XP level 1. HP: 14/14 MP: 1/1
     7 | D:5      | Found an ornate altar of the Wu Jian Council.
    30 | D:5      | Reached XP level 2. HP: 11/20 MP: 2/2
    30 | D:5      | Reached XP level 3. HP: 14/24 MP: 3/3
    34 | D:5      | Reached skill level 1 in Armour
   265 | D:5      | Reached XP level 4. HP: 29/29 MP: 4/4
   278 | D:5      | Noticed an ogre
   556 | D:4      | Noticed a phantom
   567 | D:4      | Killed a phantom
   567 | D:4      | Reached XP level 5. HP: 19/33 MP: 5/5
   800 | D:4      | Reached XP level 6. HP: 39/39 MP: 6/6
   857 | D:3      | Found a transporter.
  1232 | D:3      | Noticed Flugslaktarn's ghost (weakling MiFi)
  1244 | D:3      | Found a transporter.
  3208 | D:3      | Found a hide-covered altar of Uskayaw.
  3211 | D:3      | Noticed a +0 hand axe
  3212 | D:3      | Noticed a +0 dagger
  4163 | D:4      | Reached XP level 7. HP: 44/44 MP: 7/7
  4169 | D:4      | Found Tets's Antique Weapon Shop.
  4227 | D:4      | Reached skill level 5 in Fighting
  4227 | D:4      | Reached skill level 5 in Short Blades
  4227 | D:4      | Reached skill level 1 in Shields
  4436 | D:4      | Noticed Sigmund
  4473 | D:4      | HP: 2/44 [Sigmund/+0 scythe (10)]
  4489 | D:4      | Killed Sigmund
  4489 | D:4      | Reached skill level 5 in Dodging
  4868 | D:4      | Reached XP level 8. HP: 44/50 MP: 8/8
  5016 | D:4      | Found a staircase to the Ecumenical Temple.
  5406 | Temple   | Entered the Ecumenical Temple
  7649 | D:6      | Reached XP level 9. HP: 56/56 MP: 9/9
  8035 | D:6      | Identified the +3 leather armour of Complete Protection
                  | {Int+5}
  9416 | D:6      | Noticed a rust devil
  9416 | D:6      | Noticed a rust devil
  9488 | D:7      | HP: 1/56 [rust devil (7)]
  9492 | D:7      | Killed from afar by an electric eel

Illustrated notes

Levels and vault maps discovered:
D:1:      minmay_arrival_three_doors, layout_loops_ring
D:2:      layout_basic
D:3:      layout_basic, dancing_weapons_uskayaw, gammafunk_ghost_stat_death,
          minmay_quadrilaterals
D:4:      cheibrodos_old_hovel, layout_basic, temple_pool_b, serial_shops,
          nicolae_shop_overgrown_old_shop, supply_closet_lemuel, sigmund_army,
          uniq_sigmund
D:5:      layout_loops_ring, kennysheep_mini
D:6:      cheibrodos_iron_armory, layout_loops_ring, minmay_misc_feat_columns,
          minivault_23
D:7:      layout_loops_ring, serial_shops, shop, grunt_ministairs_4,
          serial_bayou_lagoon_a
Temple:   minmay_crystal_spiral_temple

Skill      XL: |  1  2  3  4  5  6  7  8  9 |
---------------+----------------------------+-----
Short Blades   | 3 4 5 6 7 |  7.7
Dodging        | 3 4 5 6 7 |  7.0
Armour         | 1 2 3 4 |  4.3
Fighting       | 4 5 6 |  6.9
Shields        | 1 2 3 |  3.6
Stealth        | |  6.6

Action                   |  1- 3 |  4- 6 |  7- 9 || total
-------------------------+-------+-------+-------++-------
Melee: Short sword       |    18 |    78 |   307 ||   403
       Dagger            |       |   199 |   126 ||   325
  Use: Potion            |       |     3 |     2 ||     5
       Scroll            |       |     7 |     7 ||    14
 Stab: Distracted        |     1 |     2 |     1 ||     4
       Sleeping          |     6 |    32 |    20 ||    58
Armor: Leather armour    |       |     6 |       ||     6
       Ring mail         |       |    70 |    44 ||   114
       Skin              |       |    58 |       ||    58
Dodge: Dodged            |    11 |   218 |   211 ||   440
Block: Buckler           |       |    44 |    77 ||   121

Table legend: (Time is in decaauts)
 A = Elapsed time spent in this place.
 B = Non-inter-level travel time spent in this place.
 C = Inter-level travel time spent in this place.
 D = Time resting spent in this place.
 E = Time spent auto-exploring this place.
 F = Levels seen in this place.
 G = Mean time per level.
                   A        B        C        D        E       F      G
               +--------+--------+--------+--------+--------+-----+--------+
         Total |   9314 |   8768 |    546 |   2575 |   4803 |   8 | 1164.2 |
       Dungeon |   9125 |   8599 |    526 |   2575 |   4635 |   7 | 1303.6 |
        Temple |    188 |    168 |     20 |      0 |    168 |   1 |  188.0 |
               +--------+--------+--------+--------+--------+-----+--------+

Top non-repeatable levels by time:
     D:4: 1975 daAuts
     D:3: 1616 daAuts
     D:5: 1325 daAuts
     D:6: 1310 daAuts
     D:7: 1295 daAuts
     D:2: 814 daAuts
     D:1: 787 daAuts
  Temple: 188 daAuts
